BSA
NEW ORLEANS LOOTERS @ NIAGARA FALLS FRENZY
04/21/2024
 
TOP OF THE 1ST
New Orleans Looters batting - Pitching for Niagara Falls Frenzy : RHP Ed Jones
Pitching: RHP Ed Jones
Batting: RHB Francisco Ibarra 0-0: Ball
1-0: Called Strike
1-1: Ball
2-1: Swinging Strike
2-2: Foul Ball, location: 2F
2-2: Strikes out swinging
Batting: RHB José Mora 0-0: Called Strike
0-1: Foul Ball, location: 2F
0-2: Foul Ball, location: 2F
0-2: Ball
1-2: Foul Ball, location: 2F
1-2: Foul Ball, location: 2F
1-2: Ball
2-2: Strikes out swinging
Batting: RHB Luis Alou 0-0: Called Strike
0-1: Reached on error, E5 (Groundball, 56)
Batting: RHB Stephen Shaw 0-0: Ball
1-0: Foul Ball, location: 2F
1-1: Called Strike
1-2: SINGLE (Groundball, 15S) (infield hit)
Luis Alou to third
Batting: LHB Fernando Ramos 0-0: Reached on error, E5 (Groundball, 56)
Luis Alou scores
Stephen Shaw to second
Batting: RHB Diego Rivera 0-0: Swinging Strike
0-1: Called Strike
0-2: Ball
1-2: Ball
2-2: Foul Ball, location: 2F
2-2: Ball
3-2: Strikes out looking
Top of the 1st over - 1 run(s), 1 hit(s), 2 error(s), 2 left on base; New Orleans 1 - Niagara Falls 0
BOTTOM OF THE 1ST
Niagara Falls Frenzy batting - Pitching for New Orleans Looters : RHP Jorge Ruíz
Pitching: RHP Jorge Ruíz
Batting: LHB Seung-woo Yi 0-0: Called Strike
0-1: Ground out 6-3 (Groundball, 6)
Batting: LHB Clyde Yarbrough 0-0: Ball
1-0: Ball
2-0: Called Strike
2-1: Called Strike
2-2: Fly out, F8 (Flyball, 8RD)
Batting: LHB Dante Owens 0-0: Called Strike
0-1: Ball
1-1: Foul Ball, location: 2F
1-2: DOUBLE (Line Drive, 7LM)
Batting: LHB Donovan Bird 0-0: Called Strike
0-1: Fly out, F7 (Flyball, 7LM)
Bottom of the 1st over - 0 run(s), 1 hit(s), 0 error(s), 1 left on base; New Orleans 1 - Niagara Falls 0
TOP OF THE 2ND
New Orleans Looters batting - Pitching for Niagara Falls Frenzy : RHP Ed Jones
Batting: RHB Dave O'Loan 0-0: Ball
1-0: Ball
2-0: SINGLE (Line Drive, 89S)
Batting: LHB Miguel Castillo 0-0: Grounds into double play, 1-6-3 (Groundball, 23)
Batting: SHB Toshinobu Tanaka 0-0: Ball
1-0: Ball
2-0: SINGLE (Groundball, 34D)
Batting: RHB Francisco Ibarra 0-0: Foul Ball, location: 2F
0-1: Foul Ball, location: 2F
0-2: Fly out, F8 (Flyball, 8LXD)
Top of the 2nd over - 0 run(s), 2 hit(s), 0 error(s), 1 left on base; New Orleans 1 - Niagara Falls 0
BOTTOM OF THE 2ND
Niagara Falls Frenzy batting - Pitching for New Orleans Looters : RHP Jorge Ruíz
Batting: SHB Ray Burgess 0-0: Called Strike
0-1: Fly out, F8 (Flyball, 8LXD)
Batting: SHB Shumei Yokoyama 0-0: Ball
1-0: Ball
2-0: Foul Ball, location: 2F
2-1: Ground out 1-3 (Groundball, 15)
Batting: RHB Lawrence Schroeder 0-0: SINGLE (Groundball, 34D)
Batting: RHB Ángel Hinojosa 0-0: Ball
1-0: Ball
2-0: Ball
3-0: Called Strike
3-1: Base on Balls
Lawrence Schroeder to second
Batting: RHB Juan Sánchez 0-0: Ball
1-0: Foul Ball, location: 2F
1-1: 3-RUN HOME RUN (Line Drive, 7D), Distance : 383 ft
Batting: LHB Seung-woo Yi 0-0: Called Strike
0-1: Hit by Pitch
Batting: LHB Clyde Yarbrough 0-0: Called Strike
0-1: Fly out, F3 (Line Drive, 3S)
Bottom of the 2nd over - 3 run(s), 2 hit(s), 0 error(s), 1 left on base; New Orleans 1 - Niagara Falls 3
TOP OF THE 3RD
New Orleans Looters batting - Pitching for Niagara Falls Frenzy : RHP Ed Jones
Batting: RHB José Mora 0-0: Called Strike
0-1: SINGLE (Groundball, 34D)
Batting: RHB Luis Alou 0-0: Called Strike
0-1: Ball
1-1: SINGLE (Groundball, 56)
José Mora to second
Batting: RHB Stephen Shaw 0-0: Called Strike
0-1: SINGLE (Flyball, 89S)
José Mora to third
Luis Alou to second
Batting: LHB Fernando Ramos 0-0: Ball
1-0: Called Strike
1-1: Ball
2-1: Swinging Strike
2-2: Strikes out swinging
Batting: RHB Diego Rivera 0-0: Ball
1-0: Foul Ball, location: 2F
1-1: Ball
2-1: Fly out, F8 (Flyball, 8RM)
Runner from 3rd tags up, SCORES, throw made
Batting: RHB Dave O'Loan 0-0: Ball
1-0: Ball
2-0: Fielders Choice at 2nd, 5-4 (Groundball, 5)
Top of the 3rd over - 1 run(s), 3 hit(s), 0 error(s), 1 left on base; New Orleans 2 - Niagara Falls 3
BOTTOM OF THE 3RD
Niagara Falls Frenzy batting - Pitching for New Orleans Looters : RHP Jorge Ruíz
Batting: LHB Dante Owens 0-0: Foul Ball, location: 2F
0-1: Called Strike
0-2: Ball
1-2: Foul Ball, location: 2F
1-2: Ball
2-2: Foul Ball, location: 2F
2-2: Ball
3-2: Fly out, F2 (Popup, 2LF)
Batting: LHB Donovan Bird 0-0: Ground out 4-3 (Groundball, 34)
Batting: SHB Ray Burgess 0-0: Ground out 6-3 (Groundball, 6)
Bottom of the 3rd over - 0 run(s), 0 hit(s), 0 error(s), 0 left on base; New Orleans 2 - Niagara Falls 3
TOP OF THE 4TH
New Orleans Looters batting - Pitching for Niagara Falls Frenzy : RHP Ed Jones
Batting: LHB Miguel Castillo 0-0: Ball
1-0: Called Strike
1-1: Swinging Strike
1-2: Foul Ball, location: 2F
1-2: Ball
2-2: DOUBLE (Groundball, 5L)
Batting: SHB Toshinobu Tanaka 0-0: Hit by Pitch
Batting: RHB Francisco Ibarra 0-0: Called Strike
0-1: 3-RUN HOME RUN (Flyball, 8RXD), Distance : 416 ft
Batting: RHB José Mora 0-0: Called Strike
0-1: Foul Ball, location: 2F
0-2: Ground out 5-3 (Groundball, 56S)
Batting: RHB Luis Alou 0-0: Called Strike
0-1: Foul Ball, location: 2F
0-2: Ball
1-2: Foul Ball, location: 2F
1-2: SOLO HOME RUN (Flyball, 8RXD), Distance : 433 ft
Batting: RHB Stephen Shaw 0-0: Ball
1-0: Called Strike
1-1: Ball
2-1: Called Strike
2-2: Fly out, F8 (Flyball, 78S)
Batting: LHB Fernando Ramos 0-0: Called Strike
0-1: Foul Ball, location: 2F
0-2: Ball
1-2: Strikes out swinging
Top of the 4th over - 4 run(s), 3 hit(s), 0 error(s), 0 left on base; New Orleans 6 - Niagara Falls 3
BOTTOM OF THE 4TH
Niagara Falls Frenzy batting - Pitching for New Orleans Looters : RHP Jorge Ruíz
Batting: SHB Shumei Yokoyama 0-0: Foul Ball, location: 2F
0-1: Ball
1-1: Ball
2-1: Ball
3-1: Swinging Strike
3-2: Foul Ball, location: 2F
3-2: Ground out 3-1 (Groundball, 34S)
Batting: RHB Lawrence Schroeder 0-0: Swinging Strike
0-1: Swinging Strike
0-2: Foul Ball, location: 2F
0-2: Ball
1-2: Foul Ball, location: 2F
1-2: Ground out 5-3 (Groundball, 56)
Batting: RHB Ángel Hinojosa 0-0: Ball
1-0: Called Strike
1-1: DOUBLE (Line Drive, 7LM)
Batting: RHB Juan Sánchez 0-0: Ball
1-0: Ground out 6-3 (Groundball, 6)
Bottom of the 4th over - 0 run(s), 1 hit(s), 0 error(s), 1 left on base; New Orleans 6 - Niagara Falls 3
TOP OF THE 5TH
New Orleans Looters batting - Pitching for Niagara Falls Frenzy : RHP Ed Jones
Batting: RHB Diego Rivera 0-0: SINGLE (Line Drive, 34)
Batting: RHB Dave O'Loan 0-0: Ball
1-0: Swinging Strike
1-1: Ball
2-1: Ball
3-1: Base on Balls
Diego Rivera to second
Pitching: RHP Armando López
Batting: LHB Miguel Castillo 0-0: Called Strike
0-1: DOUBLE (Line Drive, 89M)
Diego Rivera scores
Dave O'Loan to third
Batting: SHB Toshinobu Tanaka 0-0: Ball
1-0: Called Strike
1-1: Called Strike
1-2: Ball
2-2: Foul Ball, location: 2F
2-2: Strikes out swinging
Batting: RHB Francisco Ibarra 0-0: Called Strike
0-1: Ground out 6-3 (Groundball, 6M)
Dave O'Loan scores
Miguel Castillo to third
Batting: RHB José Mora 0-0: Ball
1-0: Called Strike
1-1: Swinging Strike
1-2: Strikes out swinging
Top of the 5th over - 2 run(s), 2 hit(s), 0 error(s), 1 left on base; New Orleans 8 - Niagara Falls 3
BOTTOM OF THE 5TH
Niagara Falls Frenzy batting - Pitching for New Orleans Looters : RHP Jorge Ruíz
Batting: LHB Seung-woo Yi 0-0: SOLO HOME RUN (Flyball, 9D), Distance : 387 ft
Batting: LHB Clyde Yarbrough 0-0: Ball
1-0: Ball
2-0: Foul Ball, location: 2F
2-1: Ground out 1-3 (Groundball, 25)
Batting: LHB Dante Owens 0-0: Called Strike
0-1: Foul Ball, location: 2F
0-2: Ball
1-2: Fly out, F7 (Popup, 56D)
Batting: LHB Donovan Bird 0-0: Called Strike
0-1: Ball
1-1: Ball
2-1: Ball
3-1: Swinging Strike
3-2: Foul Ball, location: 2F
3-2: Foul Ball, location: 2F
3-2: Base on Balls
Batting: SHB Ray Burgess 0-0: Called Strike
0-1: Ground out 5-3 (Groundball, 5L)
Bottom of the 5th over - 1 run(s), 1 hit(s), 0 error(s), 1 left on base; New Orleans 8 - Niagara Falls 4
TOP OF THE 6TH
New Orleans Looters batting - Pitching for Niagara Falls Frenzy : RHP Armando López
Batting: RHB Luis Alou 0-0: Ball
1-0: Foul Ball, location: 2F
1-1: Foul Ball, location: 2F
1-2: Ground out 4-3 (Groundball, 4)
Batting: RHB Stephen Shaw 0-0: Swinging Strike
0-1: Foul Ball, location: 2F
0-2: Foul Ball, location: 2F
0-2: Foul Ball, location: 2F
0-2: Ball
1-2: Ball
2-2: Ball
3-2: Foul Ball, location: 2F
3-2: Ground out 6-3 (Groundball, 6)
Batting: LHB Fernando Ramos 0-0: Ball
1-0: Ball
2-0: Foul Ball, location: 2F
2-1: Foul Ball, location: 2F
2-2: Ground out 6-3 (Groundball, 6M)
Top of the 6th over - 0 run(s), 0 hit(s), 0 error(s), 0 left on base; New Orleans 8 - Niagara Falls 4
BOTTOM OF THE 6TH
Niagara Falls Frenzy batting - Pitching for New Orleans Looters : RHP Jorge Ruíz
Batting: SHB Shumei Yokoyama 0-0: Ball
1-0: DOUBLE (Line Drive, 7LS)
Batting: RHB Lawrence Schroeder 0-0: DOUBLE (Flyball, 89XD)
Shumei Yokoyama scores
Batting: RHB Ángel Hinojosa 0-0: Ball
1-0: Swinging Strike
1-1: Reached on error, E6 (Groundball, 6M)
Lawrence Schroeder to third
Batting: RHB Juan Sánchez 0-0: Foul Ball, location: 2F
0-1: Called Strike
0-2: Foul Ball, location: 2F
0-2: Fly out, F9 (Flyball, 89XD)
Runner from 3rd tags up, SCORES, no throw
Batting: LHB Seung-woo Yi 0-0: Fly out, F5 (Popup, 5F)
Batting: LHB Clyde Yarbrough 0-0: Ball
1-0: Ball
2-0: Ball
3-0: Called Strike
3-1: Ground out 4-3 (Groundball, 4)
Bottom of the 6th over - 2 run(s), 2 hit(s), 1 error(s), 1 left on base; New Orleans 8 - Niagara Falls 6
TOP OF THE 7TH
New Orleans Looters batting - Pitching for Niagara Falls Frenzy : RHP Armando López
Pitching: RHP Kimitada Takai
Batting: RHB Diego Rivera 0-0: Foul Ball, location: 2F
0-1: Ball
1-1: Ball
2-1: Fly out, F7 (Flyball, 78M)
Batting: RHB Dave O'Loan 0-0: Fly out, F8 (Flyball, 8LD)
Batting: LHB Miguel Castillo 0-0: Called Strike
0-1: Called Strike
0-2: Strikes out swinging
Top of the 7th over - 0 run(s), 0 hit(s), 0 error(s), 0 left on base; New Orleans 8 - Niagara Falls 6
BOTTOM OF THE 7TH
Niagara Falls Frenzy batting - Pitching for New Orleans Looters : RHP Jorge Ruíz
Batting: LHB Dante Owens 0-0: Called Strike
0-1: Ball
1-1: Ball
2-1: Fly out, F8 (Flyball, 89M)
Batting: LHB Donovan Bird 0-0: Foul Ball, location: 2F
0-1: Foul Ball, location: 2F
0-2: Ball
1-2: Ball
2-2: Ground out U3 (Groundball, 3)
Batting: SHB Ray Burgess 0-0: Called Strike
0-1: Ball
1-1: Ball
2-1: Ball
3-1: Foul Ball, location: 2F
3-2: Base on Balls
Pitching: RHP Keith Harper
Batting: SHB Shumei Yokoyama 0-0: Ball
1-0: Swinging Strike
1-1: Ball
2-1: Called Strike
2-2: Foul Ball, location: 2F
2-2: Ball
3-2: Strikes out swinging
Bottom of the 7th over - 0 run(s), 0 hit(s), 0 error(s), 1 left on base; New Orleans 8 - Niagara Falls 6
TOP OF THE 8TH
New Orleans Looters batting - Pitching for Niagara Falls Frenzy : RHP Kimitada Takai
Batting: SHB Toshinobu Tanaka 0-0: Swinging Strike
0-1: Ball
1-1: Ball
2-1: Swinging Strike
2-2: Strikes out swinging
Batting: RHB Francisco Ibarra 0-0: SOLO HOME RUN (Flyball, 9D), Distance : 378 ft
Batting: RHB José Mora 0-0: Foul Ball, location: 2F
0-1: Called Strike
0-2: Ball
1-2: Strikes out swinging
Batting: RHB Luis Alou 0-0: Fly out, F4 (Popup, 4MD)
Top of the 8th over - 1 run(s), 1 hit(s), 0 error(s), 0 left on base; New Orleans 9 - Niagara Falls 6
BOTTOM OF THE 8TH
Niagara Falls Frenzy batting - Pitching for New Orleans Looters : RHP Keith Harper
Batting: RHB Lawrence Schroeder 0-0: Called Strike
0-1: Ball
1-1: Foul Ball, location: 2F
1-2: Strikes out swinging
Batting: RHB Ángel Hinojosa 0-0: Foul Ball, location: 2F
0-1: Foul Ball, location: 2F
0-2: Foul Ball, location: 2F
0-2: Ball
1-2: Ball
2-2: Strikes out looking
Batting: RHB Juan Sánchez 0-0: Ball
1-0: Ball
2-0: Ball
3-0: Base on Balls
Pitching: LHP Tadao Yoshida
Batting: LHB Seung-woo Yi 0-0: Called Strike
0-1: Ball
1-1: Foul Ball, location: 2F
1-2: Foul Ball, location: 2F
1-2: Ball
2-2: Ball
3-2: Strikes out swinging
Bottom of the 8th over - 0 run(s), 0 hit(s), 0 error(s), 1 left on base; New Orleans 9 - Niagara Falls 6
TOP OF THE 9TH
New Orleans Looters batting - Pitching for Niagara Falls Frenzy : RHP Kimitada Takai
Batting: RHB Stephen Shaw 0-0: Ball
1-0: Called Strike
1-1: Foul Ball, location: 2F
1-2: Fly out, F7 (Flyball, 7D)
Batting: LHB Fernando Ramos 0-0: Ball
1-0: Called Strike
1-1: Ball
2-1: Swinging Strike
2-2: Ball
3-2: Ground out 4-3 (Groundball, 4S)
Pitching: LHP Santiago Valentín
Batting: RHB Diego Rivera 0-0: Ground out 5-3 (Groundball, 5L)
Top of the 9th over - 0 run(s), 0 hit(s), 0 error(s), 0 left on base; New Orleans 9 - Niagara Falls 6
BOTTOM OF THE 9TH
Niagara Falls Frenzy batting - Pitching for New Orleans Looters : LHP Tadao Yoshida
Pitching: LHP Juan Méndez
Batting: LHB Clyde Yarbrough 0-0: Ball
1-0: Ball
2-0: Ground out 4-3 (Groundball, 34)
Batting: LHB Dante Owens 0-0: Ball
1-0: Called Strike
1-1: Ball
2-1: Fly out, F7 (Flyball, 7D)
Batting: LHB Donovan Bird 0-0: Ground out 3-1 (Groundball, 34)
Bottom of the 9th over - 0 run(s), 0 hit(s), 0 error(s), 0 left on base; New Orleans 9 - Niagara Falls 6
This league is powered by Out of the Park Baseball, the baseball management simulation game for PC, Mac and Linux
Saturday, April 9th, 2016 - OOTP Baseball 16.8 Build 38